 Dungeon Crawl Stone Soup version 0.28-a0-1555-g9ae15a6949 (webtiles) character file.

Game seed: 13091637962130232814

48 psuckher the Sneak (level 3, -1/30 HPs)
             Began as a Barachi Delver on Jan 18, 2022.
             Slain by a gnoll (11 damage)
             ... on level 4 of the Dungeon.
             The game lasted 00:02:06 (394 turns).

psuckher the Sneak (Barachi Delver)                  Turns: 394, Time: 00:02:06

Health: -1/30      AC:  3    Str: 15    XL:     3   Next: 72%
Magic:  3/3        EV: 12    Int: 10    God:
Gold:   28         SH:  0    Dex: 13    Spells: 2/2 levels left

rFire   . . .      SeeInvis .   d - +1 glaive (venom)
rCold   . . .      Faith    .   (shield currently unavailable)
rNeg    . . .      Spirit   .   b - +0 leather armour
rPois   .          Reflect  .   (no helmet)
rElec   .          Harm     .   (no cloak)
rCorr   .          Rampage  .   (no gloves)
Will    .....                   (no boots)
Stlth   +++.......              (no amulet)
HPRegen 0.10/turn               (no ring)
MPRegen 0.08/turn               (no ring)

@: slow
A: amphibious, slowness 1, strong legs 1, +LOS
a: Hop


You were on level 4 of the Dungeon.
You visited 1 branch of the dungeon, and saw 2 of its levels.

You collected 28 gold pieces.

Inventory:

Hand Weapons
 a - a +0 short sword
 d - a +1 glaive of venom (weapon)
Armour
 b - a +0 leather armour (worn)
Wands
 g - a wand of digging (3)
Scrolls
 c - a scroll of fog
 e - a scroll of fear
Potions
 f - a potion of haste


   Skills:
 + Level 3.9 Fighting
 + Level 2.4 Short Blades
 + Level 0.3 Polearms
 + Level 0.6 Armour
 + Level 2.3 Dodging
 + Level 5.3 Stealth


You had 2 spell levels left.
You didn't know any spells.
Your spell library was empty.

Dungeon Overview and Level Annotations

Branches:
Dungeon (5/15)
 Temple: D:4-7

Altars:


Innate Abilities, Weirdness & Mutations

You are amphibious.
You cover ground slowly.
You can hop short distances.
You have an extended range of vision and can be seen from far away.


Message History

The adder bites you.
* * * LOW HITPOINT WARNING * * *
You closely miss the adder. The adder bites you.
* * * LOW HITPOINT WARNING * * *
You are lethally poisoned!
The adder poisons you! The adder closely misses you.
You closely miss the adder.
* * * LOW HITPOINT WARNING * * *
You feel very sick. The adder completely misses you.
The adder bites you but does no damage.
It was a potion of ambrosia.
You are confused.
You feel invigorated.
You feel sick. The adder bites you but does no damage.
The adder barely misses you.
You are too confused!
You hit the adder.
The adder is moderately wounded.
You feel sick. The adder bites you. The adder closely misses you.
You feel sick.
You are no longer poisoned.
The adder closely misses you. The adder barely misses you.
You feel less invigorated.
You feel less confused.
You slash the adder!
You kill the adder!
You now have 28 gold pieces (gained 17).
A centaur skeleton comes into view.
A gnoll comes into view. It is wielding a +0 flail.
A gnoll shaman comes into view. It is wielding a +0 whip.
The gnoll shouts!
A hobgoblin comes into view.
A gnoll comes into view. It is wielding a +0 flail.
A giant cockroach comes into view.
A goblin comes into view. It is wielding a +0 dagger.
The gnoll hits you with a +0 flail!
The giant cockroach moves out of view.
The goblin shouts!
You hit the gnoll.
The gnoll is lightly wounded.
The gnoll hits you with a +0 flail!
You die...

***,,,,,,,,* # ,**,,,,,,,,* #
,**,,,,,,,,* ########### #
,**,,,,,,,,* #.........# #
,+,,,,,,,,,* #.........# #
,*,,,,,,,,,* #....)....# ###
**,,,,.Z,,,* #.........# #..
**,,,,..Bg.#######(........####..
,,,,,,.........g@..........'†....
**,,,,.....#######.........######
*,,,,g.,,,* #.........# *,,,
**,********* #.........# *,*,
,,,* #.........# *,*, ****
########### *,** ,*
************** *,* ,*
*,,,,,,,,,,,,* *,* ,*
*,,,,,,,,,,,,* *,*


You could see a gnoll, a giant cockroach (wandering) and a goblin.

Vanquished Creatures
  An iguana (D:4)
  2 adders
  An endoplasm (D:4)
  A giant cockroach (D:4)
  A quokka (D:4)
6 creatures vanquished.

Vanquished Creatures (others)
  6 toadstools (D:4)
6 creatures vanquished.

Grand Total: 12 creatures vanquished

Notes
Turn   | Place    | Note
-------+----------+-------------------------------------------
     0 | D:5      | psuckher the Barachi Delver began the quest for the Orb.
     0 | D:5      | Reached XP level 1. HP: 18/18 MP: 1/1
    30 | D:5      | Reached XP level 2. HP: 12/25 MP: 2/2
   352 | D:4      | Reached skill level 5 in Stealth
   352 | D:4      | Reached XP level 3. HP: 9/30 MP: 3/3
   394 | D:4      | Slain by a gnoll

Illustrated notes

Levels and vault maps discovered:
D:4:      cheibrodos_fertilizer, layout_basic, minmay_mini_ossuary
D:5:      layout_layer_cave, mainiacjoe_overflow_concentric_impassable,
          minmay_temple_entry_junction, ebering_ghost_disaster_area, uniq_ijyb

Skill      XL: |  1  2 |
---------------+-------+-----
Stealth        | 5 |  5.3
Fighting       | |  3.9
Short Blades   | |  2.4
Polearms       | |  0.3
Armour         | |  0.6
Dodging        | |  2.3

Action                   || total
-------------------------++-------
Melee: Short sword       ||    12
       Glaive            ||    19
  Use: Scroll            ||     1
       Potion            ||     1
 Stab: Sleeping          ||     1
Armor: Leather armour    ||    13
Dodge: Dodged            ||    22

Table legend: (Time is in decaauts)
 A = Elapsed time spent in this place.
 B = Non-inter-level travel time spent in this place.
 C = Inter-level travel time spent in this place.
 D = Time resting spent in this place.
 E = Time spent auto-exploring this place.
 F = Levels seen in this place.
 G = Mean time per level.
                   A        B        C        D        E       F      G
               +--------+--------+--------+--------+--------+-----+--------+
         Total |    476 |    468 |      8 |      0 |      0 |   2 |  238.0 |
       Dungeon |    476 |    468 |      8 |      0 |      0 |   2 |  238.0 |
               +--------+--------+--------+--------+--------+-----+--------+

Top non-repeatable levels by time:
     D:4: 418 daAuts
     D:5: 58 daAuts
